 Dungeon Crawl Stone Soup version 0.29-a0-393-g47a863cc1b (webtiles) character file.

Game seed: 6633983822003471186

3677 NinjaNoafa the Fighter (level 9, -4/82 HPs)
             Began as a Minotaur Fighter on May 9, 2022.
             Was an Initiate of Ashenzari.
             Slain by Grum
             ... wielding a -2 spear
              (12 damage)
             ... on level 8 of the Dungeon.
             The game lasted 00:13:37 (8855 turns).

NinjaNoafa the Fighter (Minotaur Fighter)           Turns: 8855, Time: 00:13:38

Health: -4/82      AC: 16    Str: 20 (23) XL:     9   Next: 89%
Magic:  0/11       EV:  5    Int:  4 (5)  God:    Ashenzari [......]
Gold:   435        SH: 10    Dex: 11 (12) Spells: 12/12 levels left

rFire   . . .      SeeInvis .   c - +2 trident (venom)
rCold   . . .      Faith    .   x - +0 kite shield of the Oracular Loss {Melee, Comp} (curse)
rNeg    . . .      Spirit   +   C - +0 plate armour
rPois   .          Reflect  .   (helmet restricted)
rElec   .          Harm     .   z - +0 cloak
rCorr   .          Rampage  .   w - +0 pair of gloves
Will    .....                   (no boots)
Stlth   ..........              e - amulet of guardian spirit
HPRegen 0.23/turn               t - ring of flight
MPRegen 0.12/turn               (no ring)

@: flying
A: horns 2, retaliatory headbutt
a: Renounce Religion, Shatter the Chains


You were on level 8 of the Dungeon.
You worshipped Ashenzari.
Ashenzari was noncommittal.
You visited 2 branches of the dungeon, and saw 9 of its levels.
You also visited: Sewer.

You collected 435 gold pieces.

Inventory:

Hand Weapons
 c - a +2 trident of venom (weapon)
Missiles
 b - 9 poisoned darts
 d - 5 boomerangs
 H - 4 boomerangs of dispersal (quivered)
Armour
 w - a +0 pair of gloves (worn)
 x - the cursed +0 kite shield of the Oracular Loss (worn) {Melee, Comp}
   (You found it on level 3 of the Dungeon)

   It has a curse which improves the following skills: Melee Combat: Short
   Blades, Long Blades, Axes, Maces & Flails, Polearms, Staves and Unarmed
   Combat.
   Companions: Summonings and Necromancy.
 z - a +0 cloak (worn)
 C - a +0 plate armour (worn)
Jewellery
 e - an amulet of guardian spirit (around neck)
 t - a ring of flight (left hand)
Wands
 o - a wand of mindburst (29)
 A - a wand of iceblast (4)
 D - a wand of flame (27)
 G - a wand of digging (1)
Scrolls
 a - a scroll of torment
 k - 8 scrolls of identify
 l - 2 scrolls of teleportation {unknown}
 m - a scroll of blinking {unknown}
 n - a scroll of enchant armour {unknown}
 p - 3 scrolls of fog {unknown}
 r - a scroll of immolation {unknown}
 s - 2 scrolls of magic mapping {unknown}
 u - a scroll of fear {unknown}
 v - 2 scrolls of brand weapon {unknown}
 y - 2 scrolls of amnesia {unknown}
 B - 2 scrolls of noise {unknown}
 E - a scroll of poison {unknown}
Potions
 f - 2 potions of heal wounds
 h - a potion of magic
 i - 3 potions of attraction
 j - 2 potions of curing
 q - 3 potions of cancellation


   Skills:
 + Level 8.3 Fighting
 - Level 4.5(6.7) Axes
 + Level 6.9(8.0) Polearms
 + Level 8.3 Armour
 + Level 8.1 Shields
 - Level 2.0 Spellcasting
 - Level 5.0 Evocations


You had 12 spell levels left.
You didn't know any spells.
Your spell library contained the following spells:

 Spells                   Type           Power      Damage    Failure   Level
 Freeze                   Ice            0%         1d3       100%        1
 Shock                    Conj/Air       0%         1d3       100%        1
 Frozen Ramparts          Ice            0%         1d2       100%        3
 Ozocubu's Armour         Ice            0%         N/A       100%        3
 Stone Arrow              Conj/Erth      0%         3d7       100%        3
 Swiftness                Air            0%         N/A       100%        3
 Airstrike                Air            0%         N/A       100%        4
 Animate Armour           Summ/Erth      0%         N/A       100%        4
 Hailstorm                Conj/Ice       0%         3d3       100%        4
 Ozocubu's Refrigeration  Ice            0%         4d5       100%        7
 Lehudib's Crystal Spear  Conj/Erth      0%         10d2      100%        8


Dungeon Overview and Level Annotations

Branches:
Dungeon (8/15)             Temple (1/1) D:5           Sewer (visited)
   Lair: D:8-11

Altars:
Ashenzari
Cheibriados
Dithmenos
Elyvilon
Fedhas
Gozag
Kikubaaqudgha
Makhleb
Nemelex Xobeh
Okawaru
Sif Muna
Trog
Vehumet
Wu Jian
Xom
Yredelemnul
Zin
The Shining One
Lugonu

Shops:
D:2 =   D:7 [

Annotations:
D:8 Grum


Innate Abilities, Weirdness & Mutations

You have a pair of horns on your head.
You reflexively headbutt those who attack you in melee.


Message History

You pick up Ozocubu's Autobiography and begin reading...
You add the spells Ozocubu's Armour and Ozocubu's Refrigeration to your library.
The killer bee barely misses you. You furiously retaliate!
You headbutt the killer bee. You block the killer bee's attack.
The killer bee barely misses you. You furiously retaliate!
You headbutt the killer bee.
Okay, then.
You puncture the killer bee!
You kill the killer bee!
The cyclops throws a large rock.
The large rock hits you!
You feel your intelligence returning.
Grum shouts, "Sparky!
Good boy!"
You block Grum's attack.
The cyclops hits you but does no damage.
You puncture the cyclops!
The cyclops is poisoned.
Your headbutt misses the cyclops.
The cyclops is lightly wounded.
You block Grum's attack.
You puncture the cyclops! You headbutt the cyclops.
The cyclops is moderately wounded.
A wolf comes into view.
You block the cyclops's attack. Grum hits you with a -2 spear.
The wolf howls!
You puncture Grum!
Grum looks as sick as possible!
Grum is moderately wounded.
You hear a howl!
You hear an angry hiss.
A wolf comes into view.
Grum hits you but does no damage.
The cyclops hits you but does no damage.
You hear an angry buzzing noise.
You closely miss Grum. Your headbutt misses Grum.
Grum is heavily wounded.
You block the wolf's attack. Grum hits you with a -2 spear!
* * * LOW HITPOINT WARNING * * *
The cyclops hits you!
* * * LOW HITPOINT WARNING * * *
You closely miss Grum. You headbutt Grum.
Grum is severely wounded.
You block the wolf's attack. x2; Grum hits you with a -2 spear!
You die...

#.####.......#
#.......# #.......#
.##
####.########...##
#######)#####........
..<..$......#.##...#
..#####..........#
#.#.....C.##
...##†.h@g..#
#.#.###.#h##.....
#....#.#..# ### #
##..###..# ..# ##...
.... .#.≈ ... ...§ ..
#..≈.


You could see a cyclops (very poisoned), Grum (extremely poisoned) and 2 wolves.

Vanquished Creatures
  A cyclops (D:7)
  Sigmund (D:2)
  A wyvern (D:8)
  A steam dragon (D:8)
  3 water moccasins
  3 ice beasts
  2 black bears
  2 orc warriors (D:7)
  2 centaurs
  A phantom (D:4)
  2 necrophages
  A gnoll sergeant (D:5)
  5 scorpions
  A wight (D:8)
  7 killer bees (D:8)
  3 howler monkeys (D:7)
  3 crimson imps (D:5)
  2 hounds
  An orc priest (D:7)
  2 iguanas (D:5)
  4 orc wizards
  A hell rat (Sewer)
  10 adders
  9 gnolls
  5 river rats
  A white imp (D:7)
  3 ufetubi (D:5)
  A worm (D:5)
  A dart slug (D:4)
  24 orcs
  4 endoplasms
  4 giant cockroaches
  5 goblins
  6 hobgoblins
  4 jackals (D:2)
  3 quokkas (D:5)
  6 ball pythons
  8 bats
  4 frilled lizards
  10 kobolds
  12 rats
169 creatures vanquished.

Vanquished Creatures (others)
  A jelly (D:4)
1 creature vanquished.

Grand Total: 170 creatures vanquished

Notes
Turn   | Place    | Note
-------+----------+-------------------------------------------
     0 | D:1      | NinjaNoafa the Minotaur Fighter began the quest for the
                  | Orb.
     0 | D:1      | Reached XP level 1. HP: 19/19 MP: 0/0
   474 | D:1      | Reached XP level 2. HP: 27/27 MP: 2/2
   589 | D:1      | Reached skill level 1 in Spellcasting
  1169 | D:2      | You fall into a shaft and drop 2 floors!
  1176 | D:4      | Reached XP level 3. HP: 29/33 MP: 2/4
  1533 | D:4      | Found a radiant altar of Vehumet.
  1538 | D:4      | Noticed a scorpion
  1544 | D:4      | Killed a scorpion
  1545 | D:4      | Reached XP level 4. HP: 34/40 MP: 6/6
  1737 | D:4      | Found a glowing drain.
  1746 | Sewer    | Entered a sewer
  1828 | Sewer    | Reached XP level 5. HP: 31/46 MP: 5/7
  2129 | D:4      | Noticed a phantom
  2142 | D:4      | Killed a phantom
  2143 | D:4      | Reached skill level 5 in Fighting
  2143 | D:4      | Reached skill level 5 in Armour
  2151 | D:4      | Reached XP level 6. HP: 40/56 MP: 5/8
  2499 | D:4      | Found a glowing golden altar of the Shining One.
  2951 | D:3      | Found a broken altar of Ashenzari.
  3595 | D:3      | Found an ancient bone altar of Kikubaaqudgha.
  4158 | D:2      | Found Ygawn's Jewellery Emporium.
  4252 | D:2      | Noticed Sigmund
  4258 | D:2      | Killed Sigmund
  4444 | D:2      | Found a bloodstained altar of Trog.
  4602 | D:2      | Found a faded altar of an unknown god.
  4954 | D:5      | Entered Level 5 of the Dungeon
  4995 | D:5      | Reached skill level 1 in Evocations
  4995 | D:5      | Reached XP level 7. HP: 58/61 MP: 9/9
  5446 | D:5      | Reached skill level 1 in Polearms
  5736 | D:5      | Found a staircase to the Ecumenical Temple.
  5829 | D:5      | Found a shimmering altar of Xom.
  5949 | D:5      | Reached skill level 5 in Shields
  5949 | D:5      | Reached XP level 8. HP: 68/70 MP: 10/10
  6003 | Temple   | Entered the Ecumenical Temple
  6133 | D:3      | Became a worshipper of Ashenzari the Shackled
  6456 | D:6      | Found an iron altar of Okawaru.
  6860 | D:6      | Reached skill level 5 in Polearms
  6969 | D:6      | Reached XP level 9. HP: 78/79 MP: 9/11
  7045 | D:6      | Found a snail-covered altar of Cheibriados.
  7097 | D:6      | Found a blossoming altar of Fedhas.
  7577 | D:7      | Found Ytzoyll's Antique Armour Shoppe.
  7941 | D:7      | Found a shadowy altar of Dithmenos.
  8003 | D:7      | Noticed a cyclops
  8014 | D:7      | Killed a cyclops
  8115 | D:7      | Found a glowing silver altar of Zin.
  8251 | D:7      | Found an ornate altar of the Wu Jian Council.
  8275 | D:7      | Found an opulent altar of Gozag.
  8441 | D:8      | Reached skill level 5 in Evocations
  8695 | D:8      | Noticed a cyclops
  8844 | D:8      | Noticed Grum
  8855 | D:8      | Slain by Grum

Illustrated notes

Levels and vault maps discovered:
D:1:      dpeg_arrival_ternary, layout_basic
D:2:      layout_loops_corners, basic_altar,
          hellmonk_ecumenical_altar_dog_temple, serial_shops,
          nicolae_shop_advertising_works [nicolae_subvault_shop_adworks],
          minivault_26, hangedman_decor_diamond_cutter,
          kennysheep_generic_room_10, uniq_sigmund
D:3:      layout_basic, lemuel_crystal_altar, nicolae_ashenzari_panopticon
D:4:      layout_loops_ring, tso_altar, fiery_altar_vehumet,
          portal_sewer_entry_a
D:5:      minmay_chambers_of_threes, layout_rooms, led_xom_imps, temple_pool_b
D:6:      layout_loops_ring, kennysheep_mini, nicolae_overflow_crystal_walls,
          lemuel_crystal_altar
D:7:      layout_cave_pools, mainiacjoe_overflow_alcove_1,
          pdpol_temple_overflow_zin_treasury_gozag_greed, amcnicky_altar_gilded,
          serial_shops, nicolae_shop_stone, chequers_decorated_corner
D:8:      minmay_distorted_concentric_squares, layout_loops_ring,
          kennysheep_little_box, serial_shops, nicolae_inconvenience_store,
          uniq_grum
Temple:   corrupted_temple

Skill      XL: |  1  2  3  4  5  6  7  8  9 |
---------------+----------------------------+-----
Spellcasting   | 1 2 |  2.0
Axes           | 3 4 |  4.5
Shields        | 4 5 6 8 |  8.1
Fighting       | 4 5 6 7 8 |  8.3
Armour         | 4 5 6 7 8 |  8.3
Evocations     | 1 3 5 |  5.0
Polearms       | 2 5 6 |  6.9

Action                   |  1- 3 |  4- 6 |  7- 9 || total
-------------------------+-------+-------+-------++-------
Melee: War axe           |    68 |    93 |       ||   161
       Headbutt          |     7 |    15 |    48 ||    70
       Scythe            |       |    28 |    47 ||    75
       Trident           |       |       |   259 ||   259
Throw: Boomerang         |       |       |     1 ||     1
Invok: Curse Item        |       |       |     1 ||     1
  Use: Potion            |       |     1 |    15 ||    16
       Scroll            |       |       |     1 ||     1
Armor: Scale mail        |    49 |    82 |    35 ||   166
       Skin              |       |       |    19 ||    19
       Chain mail        |       |       |    99 ||    99
       Plate armour      |       |       |    63 ||    63
Dodge: Dodged            |    37 |    73 |   121 ||   231
Block: Buckler           |    15 |    31 |       ||    46
       Kite shield       |       |     3 |   171 ||   174

Table legend: (Time is in decaauts)
 A = Elapsed time spent in this place.
 B = Non-inter-level travel time spent in this place.
 C = Inter-level travel time spent in this place.
 D = Time resting spent in this place.
 E = Time spent auto-exploring this place.
 F = Levels seen in this place.
 G = Mean time per level.
                   A        B        C        D        E       F      G
               +--------+--------+--------+--------+--------+-----+--------+
         Total |   9031 |   8423 |    608 |    204 |   6693 |  10 |  903.1 |
       Dungeon |   8705 |   8097 |    608 |    204 |   6460 |   8 | 1088.1 |
        Temple |     72 |     72 |      0 |      0 |     31 |   1 |   72.0 |
         Sewer |    253 |    253 |      0 |      0 |    202 |   1 |  253.0 |
               +--------+--------+--------+--------+--------+-----+--------+

Top non-repeatable levels by time:
     D:4: 1583 daAuts
     D:5: 1242 daAuts
     D:6: 1201 daAuts
     D:1: 1175 daAuts
     D:3: 1111 daAuts
     D:2: 993 daAuts
     D:7: 949 daAuts
     D:8: 447 daAuts
   Sewer: 253 daAuts
  Temple: 72 daAuts
